 Dungeon Crawl Stone Soup version 0.19.3 (webtiles) character file.

20472 Alarkh the Brawler (level 12, -1/104 HPs)
             Began as a Ghoul Monk on Jan 23, 2017.
             Was the Champion of Okawaru.
             Slain by an orc knight
             ... wielding a +0 battleaxe
              (47 damage)
             ... in a bailey.
             The game lasted 00:23:50 (10877 turns).

Alarkh the Brawler (Ghoul Monk)                    Turns: 10877, Time: 00:23:51

Health: -1/104     AC: 14    Str: 12    XL:     12   Next: 79%
Magic:  17/17      EV: 18    Int:  9    God:    Okawaru [******]
Gold:   438        SH:  0    Dex: 15    Spells: 0 memorised, 11 levels left

rFire  . . .     SeeInvis .       - Unarmed
rCold  + . .     Gourm    .     P - +3 leather armour "Zusmoabb" {rPois Regen+ Str-4 Dex+4}
rNeg   + + +     Faith    .     (no shield)
rPois  ∞         Spirit   .     S - +2 hat {MR+}
rElec  .         Reflect  .     y - +0 cloak
rCorr  .         Harm     .     (no gloves)
MR     +....                    L - +2 pair of boots
Stlth  +++.......               C - amulet of magic regeneration
                                j - +1 ring of protection
                                (no ring)

@: heroism, finesse, very slightly contaminated, rotting
A: rotting body, claws 1, carnivore 3, cold resistance 1, negative energy
resistance 3, slow regeneration 1, torment resistance, unbreathing
a: Heroism, Finesse, Renounce Religion


You were in a bailey.
You worshipped Okawaru.
Okawaru was exalted by your worship.
You were not hungry.

You visited 2 branches of the dungeon, and saw 14 of its levels.
You also visited: Ossuary and Bailey.

You collected 776 gold pieces.
You spent 338 gold pieces at shops.

Inventory:

Missiles
 c - a throwing net (quivered)
Armour
 y - a +0 cloak (worn)
 L - a +2 pair of boots (worn)
 P - the +3 leather armour "Zusmoabb" (worn) {rPois Regen+ Str-4 Dex+4}
   (You bought it in a shop on level 12 of the Dungeon)

   It affects your strength (-4).
   It affects your dexterity (+4).
   It protects you from poison.
   It increases your rate of regeneration.
 S - a +2 hat of magic resistance (worn)
Magical Staves
 I - an uncursed staff of cold
Jewellery
 j - a +1 ring of protection (right claw)
 l - an uncursed ring of fire
 t - an uncursed ring of wizardry
 C - an amulet of magic regeneration (around neck)
Wands
 M - a wand of flame (9/48)
 R - a wand of iceblast (7/15)
Scrolls
 d - 4 scrolls of teleportation
 e - a scroll of identify
 f - 3 scrolls of recharging {unknown}
 h - 3 scrolls of amnesia
 m - 2 scrolls of fear
 n - 4 scrolls of remove curse
 o - 2 scrolls of immolation {unknown}
 q - 3 scrolls of random uselessness {unknown}
 r - a scroll of noise
 w - 2 scrolls of enchant weapon {unknown}
 D - a scroll of magic mapping
 J - a scroll of blinking {unknown}
 N - 3 scrolls of vulnerability {unknown}
 O - a scroll of fog {unknown}
Potions
 g - 4 potions of brilliance
 i - 8 potions of curing
 k - 2 potions of flight
 x - 5 potions of heal wounds
 Q - a potion of cancellation
Books
 p - a book of Changes

   Spells                             Type                      Level
   a - Beastly Appendage              Transmutation                1
   b - Sticks to Snakes               Transmutation                2
   c - Spider Form                    Transmutation/Poison         3
   d - Ice Form                       Ice/Transmutation            4
   e - Blade Hands                    Transmutation                5
Miscellaneous
 T - a phial of floods
Comestibles
 b - 5 meat rations
 u - 12 slices of pizza
 A - a royal jelly
 G - 39 chunks of flesh
 H - 3 beef jerkies


   Skills:
 + Level 9.3(14.3) Fighting
 + Level 3.6(8.6) Armour
 + Level 4.5(9.5) Dodging
 - Level 2.1(7.1) Stealth
 * Level 17.5(22.5) Unarmed Combat
 - Level 8.0 Invocations


You had 11 spell levels left.
You didn't know any spells.

Dungeon Overview and Level Annotations

Branches:
Dungeon (14/15)            Temple (1/1) D:6            Lair (0/6) D:11
    Orc (0/2) D:9          Vaults (0/5) D:14

Altars:
Ashenzari
Cheibriados
Dithmenos
Elyvilon
Fedhas
Gozag
Hepliaklqana
Kikubaaqudgha
Makhleb
Nemelex Xobeh
Okawaru
Qazlal
Ru
Sif Muna
Trog
Uskayaw
Vehumet
Xom
Yredelemnul
Zin
The Shining One

Shops:
D:12 [


Innate Abilities, Weirdness & Mutations

Your body is rotting away.
You thrive on raw meat.
You are immune to poison.
You have sharp fingernails.
You are carnivorous and can eat meat at any time.
Your flesh is cold resistant. (rC+)
You are immune to negative energy. (rN+++)
You regenerate slowly when monsters are visible.
You are immune to unholy pain and torment.
You can survive without breathing.


Message History

Okawaru is honoured by your kill. Something appears at your feet!
Okawaru grants you a gift!
Press: ? - help, v - describe, . - travel, g - get item A runed shield {god gift}.
The floor, spattered with blood.
You scratch the orc knight but do no damage.
The orc knight hits you with a battleaxe!
The orc barely misses you.
You mangle the orc!!
You kill the orc!
Okawaru accepts your kill.
You mangle the orc knight!!
The orc knight is moderately wounded.
You claw the orc knight! x2
The orc knight is severely wounded.
You mangle the orc knight!!
The orc knight is almost dead.
The orc knight hits you with a battleaxe!!!
You die...

##.....## ##..)))
##)####...........####'#
##)))..##...g..o..##.....
#.......#.o..gg...#......
##.......##.o...o.##......
#.........# ...oo.#.......
##.........## ..g###.......
#.....⌠.....###o###.....⌠..
##.......)@##88o88##.......
#.......go#.o)....#)))....
##......)##.......##.)....
#......))o........'))....
##.....##)........##.....
#######.....⌠.....######
##.........## #.........#
##.......##


You could see an orc knight and a hobgoblin.

Vanquished Creatures
  An orc warlord (Bailey)
  A yaktaur captain (D:14)
  A centaur warrior (D:9)
  The ghost of Azzok the Blocker, a novice DDFi of Makhleb (D:8)
  Urug (D:11)
  2 hill giants (D:11)
  2 ugly things
  A manticore (D:12)
  Psyche (D:11)
  A komodo dragon (D:14)
  2 yaktaurs (D:14)
  4 trolls
  Grinder (D:4)
  A hornet (D:11)
  A two-headed ogre (D:8)
  A centaur simulacrum (D:14)
  4 slime creatures (D:14)
  A wyvern (D:11)
  A shadow (D:14)
  A wraith (Ossuary)
  9 yaks
  A hungry ghost (D:10)
  A human (D:7)
  4 hogs (D:7)
  Menkaure (D:7)
  A mottled dragon (D:11)
  Edmund (D:4)
  A soldier ant (D:10)
  2 water moccasins
  2 hell hounds (D:11)
  A black bear (D:4)
  A phantom (D:5)
  4 sky beasts
  5 ice beasts
  An eye of draining (D:10)
  19 orc warriors
  8 ogres
  2 necrophages
  A centaur (D:7)
  4 big kobolds
  A crocodile (D:9)
  The ghost of dscm the Sneak, an amateur OpEE (D:5)
  3 bullfrogs
  A gnoll sergeant (D:5)
  A wyvern skeleton (D:7)
  A scorpion (D:7)
  9 killer bees
  4 howler monkeys (D:11)
  3 wights (D:11)
  6 crimson imps
  A centaur zombie (D:8)
  Crazy Yiuf (D:4)
  A quasit (D:11)
  8 orc priests
  2 bullfrog skeletons
  4 jellies
  5 hounds
  10 orc wizards
  2 centaur skeletons
  Jessica (D:3)
  Terence (D:3)
  7 iguanas
  15 worker ants
  2 hound zombies
  A hound skeleton (D:5)
  A mummy (Ossuary)
  A worker ant zombie (D:6)
  A howler monkey skeleton (D:11)
  8 adders
  20 gnolls
  A shadow imp (D:9)
  An adder zombie (D:7)
  An adder skeleton (D:4)
  2 worms
  A dart slug (D:4)
  3 leopard geckos
  83 orcs
  3 ball pythons
  5 giant cockroaches
  17 goblins
  16 hobgoblins
  25 kobolds
  5 quokkas
  5 bats
  6 frilled lizards
  5 gnoll skeletons (Ossuary)
  6 kobold skeletons (Ossuary)
  A leopard gecko skeleton (D:5)
  A leopard gecko zombie (D:5)
  14 orc skeletons (Ossuary)
  2 quokka skeletons
  8 rats
  A plant (Temple)
432 creatures vanquished.

Notes
Turn   | Place    | Note
-------+----------+-------------------------------------------
     0 | D:1      | Alarkh the Ghoul Monk began the quest for the Orb.
     0 | D:1      | Reached XP level 1. HP: 19/19 MP: 0/0
   268 | D:1      | Reached XP level 2. HP: 26/26 MP: 1/1
   373 | D:1      | Reached skill level 4 in Unarmed Combat
   684 | D:2      | Found an iron altar of Okawaru.
   710 | D:2      | Became a worshipper of Warmaster Okawaru
   710 | D:2      | Reached * piety under Okawaru
   710 | D:2      | Reached ** piety under Okawaru
   906 | D:2      | Reached XP level 3. HP: 30/31 MP: 2/2
  1447 | D:2      | Reached skill level 5 in Unarmed Combat
  1851 | D:3      | Reached XP level 4. HP: 11/36 MP: 3/3
  2041 | D:3      | Noticed Terence
  2053 | D:3      | Killed Terence
  2132 | D:3      | Reached skill level 6 in Unarmed Combat
  2132 | D:3      | Reached XP level 5. HP: 38/45 MP: 1/4
  2238 | D:3      | Noticed Jessica
  2242 | D:3      | Killed Jessica
  2242 | D:3      | Reached skill level 7 in Unarmed Combat
  2495 | D:4      | Reached XP level 6. HP: 24/51 MP: 5/5
  2506 | D:4      | Found a blossoming altar of Fedhas.
  2692 | D:4      | Found a sand-covered staircase.
  2700 | Ossuary  | Entered an ossuary
  2700 | Ossuary  | Noticed a wraith
  2700 | Ossuary  | Noticed a wraith
  2700 | Ossuary  | Noticed a wraith
  2795 | Ossuary  | Noticed a wraith
  2813 | Ossuary  | Killed a wraith
  2813 | Ossuary  | Reached skill level 8 in Unarmed Combat
  2813 | Ossuary  | Reached XP level 7. HP: 20/57 MP: 2/6
  2945 | D:4      | Found a runed door.
  3070 | D:4      | Noticed Crazy Yiuf
  3076 | D:4      | Killed Crazy Yiuf
  3136 | D:4      | Noticed Grinder
  3158 | D:4      | Killed Grinder
  3158 | D:4      | Reached *** piety under Okawaru
  3158 | D:4      | Reached skill level 9 in Unarmed Combat
  3295 | D:4      | Noticed Edmund
  3306 | D:4      | Killed Edmund
  3306 | D:4      | Reached skill level 10 in Unarmed Combat
  3306 | D:4      | Reached XP level 8. HP: 33/62 MP: 4/7
  3482 | D:5      | Entered Level 5 of the Dungeon
  3539 | D:5      | Reached **** piety under Okawaru
  3539 | D:5      | Reached skill level 11 in Unarmed Combat
  3586 | D:5      | Noticed dscm's ghost (amateur OpEE)
  3595 | D:5      | Killed dscm's ghost
  3753 | D:5      | Reached skill level 12 in Unarmed Combat
  3963 | D:5      | Reached XP level 9. HP: 42/70 MP: 8/8
  4098 | D:6      | Found a staircase to the Ecumenical Temple.
  4127 | Temple   | Entered the Ecumenical Temple
  5133 | D:7      | Reached skill level 13 in Unarmed Combat
  5136 | D:7      | Noticed Menkaure
  5141 | D:7      | Killed Menkaure
  5340 | D:7      | Reached ***** piety under Okawaru
  5340 | D:7      | Reached skill level 1 in Invocations
  5674 | D:7      | Reached skill level 14 in Unarmed Combat
  5674 | D:7      | Reached XP level 10. HP: 63/80 MP: 11/11
  6281 | D:8      | Reached skill level 5 in Fighting
  6441 | D:8      | Found a sparkling altar of Nemelex Xobeh.
  6454 | D:8      | Received a gift from Okawaru
  6455 | D:8      | Got a translucent quarterstaff {god gift}
  6456 | D:8      | Identified the +1 quarterstaff of Mana {elec, *Drain Str+6} (Okawaru gifted it to you on level 8 of the Dungeon)
  6500 | D:8      | Noticed Azzok's ghost (novice DDFi)
  6942 | D:9      | Noticed a centaur warrior
  6970 | D:9      | Killed a centaur warrior
  6970 | D:9      | Reached skill level 5 in Invocations
  7066 | D:9      | Found a staircase to the Orcish Mines.
  7172 | D:9      | Reached skill level 15 in Unarmed Combat
  7257 | D:9      | Found a deep blue altar of Sif Muna.
  7628 | D:8      | Killed Azzok's ghost
  7628 | D:8      | Received a gift from Okawaru
  7628 | D:8      | Reached XP level 11. HP: 66/91 MP: 14/14
  7805 | D:10     | Entered Level 10 of the Dungeon
  8765 | D:11     | Found a staircase to the Lair.
  8823 | D:11     | Noticed Urug
  8823 | D:11     | Noticed a hill giant
  8861 | D:11     | Killed Urug
  8861 | D:11     | Reached skill level 16 in Unarmed Combat
  8868 | D:11     | Killed a hill giant
  8890 | D:11     | Noticed a hill giant
  8904 | D:11     | Killed a hill giant
  8904 | D:11     | Received a gift from Okawaru
  9163 | D:11     | Noticed Psyche
  9172 | D:11     | Killed Psyche
  9286 | D:11     | Noticed a green ugly thing
  9296 | D:11     | Killed a green ugly thing
  9444 | D:11     | Reached XP level 12. HP: 75/102 MP: 16/16
  9533 | D:11     | Reached ****** piety under Okawaru
  9665 | D:11     | Reached skill level 1 in Armour
  9820 | D:12     | Found Emokh's Armour Shoppe.
  9831 | D:12     | Bought the +3 leather armour "Zusmoabb" {rPois Regen+ Str-4 Dex+4} for 338 gold pieces
  9918 | D:12     | Found a white marble altar of Elyvilon.
 10230 | D:12     | You fall through a shaft for 2 floors!
 10235 | D:14     | Reached skill level 17 in Unarmed Combat
 10270 | D:14     | Noticed a yaktaur captain
 10285 | D:14     | Found a gate to the Vaults.
 10291 | D:14     | Killed a yaktaur captain
 10327 | D:14     | Found a flagged portal.
 10471 | Bailey   | Entered a bailey
 10805 | Bailey   | Noticed an orc warlord
 10871 | Bailey   | Killed an orc warlord
 10871 | Bailey   | Received a gift from Okawaru
 10877 | Bailey   | Slain by an orc knight

Skill      XL: |  1  2  3  4  5  6  7  8  9 10 11 12 |
---------------+-------------------------------------+-----
Unarmed Combat | 4 5 6 7 8 10 12 14 15 16 17 | 17.5
Invocations    | 3 6 7 8 |  8.0
Fighting       | 4 6 8 9 |  9.3
Armour         | 3 |  3.6
Dodging        | 4 |  4.5
Stealth        | |  2.1

Action                   |  1- 3 |  4- 6 |  7- 9 | 10-12 || total
-------------------------+-------+-------+-------+-------++-------
Melee: Unarmed           |   130 |   151 |   335 |   879 ||  1495
       Punch             |     1 |     2 |    19 |    58 ||    80
Invok: Heroism           |     1 |     4 |     5 |    17 ||    27
       Finesse           |       |       |       |     3 ||     3
  Use: Scroll            |       |     5 |     3 |     9 ||    17
       Potion            |       |       |       |     4 ||     4
 Stab: Sleeping          |     1 |     5 |     2 |     8 ||    16
       Distracted        |       |       |       |     1 ||     1
  Eat: Chunk             |     8 |    12 |    21 |    93 ||   134
Armor: Robe              |    26 |     3 |       |       ||    29
       Leather armour    |       |    21 |    63 |   190 ||   274
Dodge: Dodged            |    88 |    74 |   128 |   413 ||   703
